 Dungeon Crawl Stone Soup version 0.25.1-3-ge44b62a0b3 (webtiles) character file.

Game seed: 13079085082048600876

144788 BledDest the Fetichist (level 16, -3/146 HPs)
             Began as a Deep Dwarf Artificer on Nov 22, 2020.
             Was the Champion of Makhleb.
             Slain by the 26-headed Lernaean hydra (9 damage)
             ... on level 4 of the Swamp on Nov 23, 2020.
             The game lasted 02:07:50 (30939 turns).

BledDest the Fetichist (Deep Dwarf Artificer)      Turns: 30939, Time: 02:07:51

Health: -3/146     AC: 15    Str: 19    XL:     16   Next: 85%
Magic:  28/28      EV: 22    Int: 16    God:    Makhleb [******]
Gold:   1975       SH: 13    Dex: 21    Spells: 15/15 levels left

rFire    + + .     SeeInvis .   a - +5 long sword (flame)
rCold    + . .     Gourm    .   l - +0 kite shield
rNeg     + . .     Faith    +   j - +0 swamp dragon scales
rPois    +         Spirit   .   J - +1 hat {MR+}
rElec    .         Reflect  .   D - scarf {rC+ rF+}
rCorr    .         Harm     .   n - +1 pair of gloves
MR       ++++.                  h - +0 pair of boots {run}
Stlth    +.........             F - amulet of faith
HPRegen  0.00/turn              E - ring of Winter {+Fly MR+ Dex+5}
MPRegen  0.21/turn              i - ring of Music {rF+ EV+4 Int+3}

@: lethally poisoned (-3 -> -3), very slightly contaminated, non-regenerating,
quick
A: damage resistance, heal wounds, negative energy resistance 1, sense
surroundings 2, no regeneration
a: Heal Wounds, Minor Destruction, Lesser Servant of Makhleb, Major Destruction,
Greater Servant of Makhleb, Renounce Religion, Evoke Flight


You were on level 4 of the Swamp.
You worshipped Makhleb.
Makhleb was exalted by your worship.
You were not hungry.

You visited 5 branches of the dungeon, and saw 28 of its levels.
You visited 1 bazaar.
You also visited: Ossuary, Bailey, Ice Cave and Volcano.

You collected 4314 gold pieces.
You spent 2339 gold pieces at shops.

Inventory:

Hand Weapons
 a - a +5 long sword of flaming (weapon)
 b - the +2 hunting sling "Leviticus" {flame, Str+4 Int-3 Dex+5}
   (You found it on level 5 of the Dungeon)

   It causes projectiles fired from it to burn those they strike, causing extra
   injury to most foes and up to half again as much damage against particularly
   susceptible opponents.
   It affects your strength (+4).
   It affects your intelligence (-3).
   It affects your dexterity (+5).
Missiles
 e - 61 stones
 O - 43 sling bullets
 V - a curare-tipped dart (quivered)
Armour
 h - a +0 pair of boots of running (worn)
 j - +0 swamp dragon scales (worn)
 l - a +0 kite shield (worn)
 n - a +1 pair of gloves (worn)
 q - a scarf of invisibility
 B - a +2 helmet
 D - a scarf of resistance (worn)
 J - a +1 hat of magic resistance (worn)
 R - +0 acid dragon scales
Jewellery
 i - the ring of Music (right hand) {rF+ EV+4 Int+3}
   (You acquired it on level 1 of the Lair of Beasts)

   [ring of evasion]

   It affects your evasion (+4).
   It affects your intelligence (+3).
   It protects you from fire.
 y - a +6 ring of strength {unknown}
 E - the ring of Winter (left hand) {+Fly MR+ Dex+5}
   (You found it on level 6 of the Lair of Beasts)

   [ring of protection from magic]

   It affects your dexterity (+5).
   It affects your resistance to hostile enchantments.
   It lets you fly.
 F - an amulet of faith (around neck)
 W - a cursed -4 ring of evasion {unknown}
Wands
 d - a wand of enslavement (9)
 p - a wand of digging (2)
 G - a wand of flame (62)
 H - a wand of random effects (45)
 N - a wand of iceblast (16)
Scrolls
 g - 8 scrolls of teleportation
 k - 3 scrolls of fear
 o - 6 scrolls of remove curse
 r - 7 scrolls of fog
 s - 5 scrolls of immolation
 I - 6 scrolls of identify
 K - 2 scrolls of brand weapon
 L - 3 scrolls of amnesia
 Q - a scroll of silence {unknown}
 S - a scroll of enchant armour
 Y - a scroll of magic mapping
 Z - a scroll of vulnerability
Potions
 m - 17 potions of curing
 u - 3 potions of cancellation
 v - 3 potions of magic
 w - 4 potions of might
 z - 3 potions of brilliance
 A - 2 potions of invisibility
 C - 5 potions of resistance
 M - 4 potions of lignification
 P - 3 potions of haste
 X - 6 potions of flight
Miscellaneous
 t - a lightning rod (4/4)
 U - a phial of floods
Comestibles
 f - 44 rations


   Skills:
 - Level 10.0 Fighting
   Level 0.8(5.7) Short Blades
 - Level 9.9(10.0) Long Blades
 + Level 15.3 Slings
 - Level 10.0 Armour
 - Level 10.0 Dodging
 - Level 1.2 Stealth
 - Level 10.2 Shields
 - Level 14.3 Invocations
 - Level 20.0 Evocations


You had 15 spell levels left.
You didn't know any spells.
Your spell library contained the following spells:

 Spells                   Type           Power        Failure   Level  Hunger
 Animate Skeleton         Necr           N/A          58%         1    ##.....
 Apportation              Tloc           #.....       58%         1    ##.....
 Corona                   Hex            #......      58%         1    ##.....
 Pain                     Necr           #...         58%         1    ##.....
 Summon Butterflies       Summ           #.......     58%         1    ##.....
 Summon Small Mammal      Summ           #...         58%         1    ##.....
 Passwall                 Tmut/Erth      #.......     73%         2    ###....
 Poisonous Vapours        Pois/Air       #.....       73%         2    ###....
 Slow                     Hex            #.......     73%         2    ###....
 Conjure Flame            Conj/Fire      #.......     91%         3    ####...
 Inner Flame              Hex/Fire       #.......     91%         3    ####...
 Lesser Beckoning         Tloc           #.........   91%         3    ####...
 Mephitic Cloud           Conj/Pois/Air  #.......     91%         3    ####...
 Portal Projectile        Hex/Tloc       #.....       91%         3    ####...
 Tukima's Dance           Hex            #.......     91%         3    ####...
 Vampiric Draining        Necr           #.........   91%         3    ####...
 Animate Dead             Necr           N/A          100%        4    #####..
 Cause Fear               Hex            #.........   100%        4    #####..
 Ice Form                 Ice/Tmut       #.......     100%        4    #####..
 Leda's Liquefaction      Hex/Erth       #.........   100%        4    #####..
 Agony                    Necr           #.......     100%        5    ######.
 Alistair's Intoxication  Tmut/Pois      #.......     100%        5    ######.
 Metabolic Englaciation   Hex/Ice        #.........   100%        5    ######.
 Eringya's Noxious Bog    Tmut/Pois      #.........   100%        6    #######
 Freezing Cloud           Conj/Ice/Air   #.........   100%        6    #######
 Invisibility             Hex            #.......     100%        6    #######
 Ozocubu's Refrigeration  Ice            #.........   100%        6    #######
 Simulacrum               Ice/Necr       #.........   100%        6    #######
 Dragon Form              Tmut           #.........   100%        7    #######
 Ring of Flames           Chrm/Fire      #.........   100%        7    #######


Dungeon Overview and Level Annotations

Branches:
Dungeon (15/15)            Temple (1/1) D:4            Lair (6/6) D:9
  Swamp (4/4) Lair:3       Spider (0/4) Lair:4        Slime (0/5) Lair:6
    Orc (2/2) D:11            Elf (0/3) Orc:2        Vaults (0/5) D:13
 Depths (0/5) D:15        Ossuary (visited)          Bailey (visited)
  IceCv (visited)         Volcano (visited)

Altars:
Ashenzari
Dithmenos
Elyvilon
Fedhas
Gozag
Hepliaklqana
Kikubaaqudgha
Makhleb
Nemelex Xobeh
Okawaru
Qazlal
Ru
Sif Muna
Trog
Uskayaw
Vehumet
Wu Jian
Xom
The Shining One
Jiyva

Shops:
D:6 %   D:8 *   D:11 ?   D:14 (   Orc:2 !!}[[

Portals:
Pandemonium: Orc:2

Annotations:
D:14 2 transporters, Piguik's ghost, journeyman DgWz; Roxanne
Swamp:2 1 runed translucent door, Ithrutae's ghost, adept FoFi
Swamp:4 Donald; Lernaean hydra


Innate Abilities, Weirdness & Mutations

You are resistant to damage.
You can heal yourself by infusing magical energy.
You resist negative energy. (rN+)
You passively map the area around you.
You do not regenerate.


Message History

* * * LOW HITPOINT WARNING * * *
The 26-headed Lernaean hydra bites you.
* * * LOW HITPOINT WARNING * * *
The 26-headed Lernaean hydra bites you but does no damage.
The 26-headed Lernaean hydra barely misses you.
The 26-headed Lernaean hydra bites you but does no damage.
The 26-headed Lernaean hydra closely misses you.
Okay, then.
Evoke which item? (* to show all) (? for menu, Esc to quit)
Okay, then.
Okay, then.
As you read the scroll of fear, it crumbles to dust.
You assume a fearsome visage.
The swamp drake looks frightened! x2
The six-headed hydra looks frightened!
The swamp dragon looks frightened! x2
The swamp drake looks frightened!
The 26-headed Lernaean hydra resists with almost no effort.
The 26-headed Lernaean hydra bites you!
* * * LOW HITPOINT WARNING * * *
The 26-headed Lernaean hydra bites you!
You die...

♣≈≈≈...♣♣≈≈≈♣ ♣♣≈^..≈≈♣♣♣.≈≈≈≈≈≈
♣♣....≈.≈≈≈≈♣ ♣.≈.≈≈.♣.♣.≈≈≈≈≈≈
♣♣♣).^≈≈..≈.♣ ♣.≈.♣..≈≈...≈≈≈≈.
♣♣.≈..≈.≈♣♣♣♣ ♣♣≈♣.≈≈.≈.♣...≈≈≈
≈....≈≈≈..♣ ♣♣...≈≈.♣♣♣≈≈≈≈≈
≈.♣♣.≈≈≈≈.♣ ♣♣♣...≈≈.≈♣ ♣♣≈≈≈.
..♣♣♣..≈.§♣ ♣♣...°....♣♣♣♣♣..≈♣
♣♣♣♣♣♣≈♣♣♣♣♣ ♣♣°.°°....♣♣≈≈§≈♣♣♣♣
♣♣♣♣≈...≈≈.♣♣♣.°@≈≈°§.♣♣♣≈≈≈≈♣
≈≈♣♣.≈≈≈≈≈≈≈≈♣♣°≈D.≈.#.♣≈♣♣.♣♣
≈≈≈♣♣≈≈≈≈≈≈≈♣♣♣≈D)≈k.≈..≈♣♣♣♣
.≈.♣♣.§≈..≈.♣♣≈.D.#.♣≈≈≈♣♣
♣†≈♣♣..≈≈≈≈≈♣...≈.†.D♣♣♣♣ ♣♣
♣≈≈≈♣.≈♣.≈≈.≈≈.≈.[.k≈♣♣♣♣.≈♣ ###
♣≈≈≈≈.≈..≈≈.≈...♣÷†≈≈≈♣°≈#####≈≈#
≈≈≈≈≈≈≈≈≈≈≈≈.≈.≈♣..≈≈♣k####≈≈≈##≈
≈≈≈≈≈≈≈≈≈≈≈≈.≈≈≈≈....D÷..#≈≈.#.≈≈


You could see the 26-headed Lernaean hydra, a six-headed hydra (fleeing), 2
swamp dragons and 3 swamp drakes.

Vanquished Creatures
  Gastronok (D:11)
  Kirke (Swamp:4)
  A thorn hunter (Swamp:4)
  A dire elephant (Lair:6)
  A fire dragon (D:15)
  Josephine (Orc:2)
  A yaktaur captain (D:15)
  Fannar (D:12)
  Erolcha (D:9)
  Harold (D:11)
  4 vault guards (D:13)
  A catoblepas (Lair:6)
  A ghost crab (Swamp:2)
  15 hydras
  7 alligators
  A shambling mangrove (Swamp:1)
  An ogre mage (D:13)
  3 centaur warriors
  14 death yaks
  A deep troll shaman (Lair:6)
  3 orc high priests (Orc:2)
  Sonja (D:12)
  A hell knight (Volcano)
  3 spriggan druids
  A torturous demonspawn (Orc:2)
  An unseen horror (D:14)
  A deep elf archer (D:13)
  4 swamp dragons (Swamp:4)
  Pikel (D:8)
  10 orc knights
  3 deep elf magi
  7 ugly things
  2 cyclopes
  10 orc sorcerers
  2 manticores
  19 elephants
  4 black mambas
  3 centaur zombies
  Maggie (Lair:2)
  A torpor snail (Lair:4)
  5 gargoyles
  A spiny frog (shapeshifter) (D:15)
  19 spiny frogs
  3 rime drakes
  3 komodo dragons
  4 yaktaurs
  A kobold demonologist (D:15)
  A rime drake (shapeshifter) (D:13)
  A hellwing (Orc:2)
  A red devil (Orc:2)
  5 trolls
  3 meliai (D:13)
  7 polar bears
  5 tyrant leeches
  6 bog bodies
  8 hippogriffs
  3 hornets
  A wolf spider simulacrum (D:15)
  18 slime creatures
  A meliai zombie (D:15)
  22 blink frogs
  A centaur simulacrum (D:14)
  15 flying skulls (D:14)
  A vampire (D:14)
  68 yaks
  2 spriggans (Swamp:4)
  6 wyverns
  2 shadows
  3 wraiths (Orc:2)
  2 fire bats (Volcano)
  A hog (Swamp:4)
  8 vampire mosquitoes
  A chaos spawn (Orc:2)
  11 wolves
  3 basilisks
  5 hungry ghosts
  4 wargs
  Menkaure (D:5)
  8 insubstantial wisps
  13 swamp worms
  2 acid dragons
  4 porcupines
  24 water moccasins
  8 swamp drakes
  3 black bears
  3 sky beasts
  50 orc warriors
  A slave (D:8)
  11 ice beasts
  A phantom (D:12)
  17 ogres
  9 centaurs
  8 crocodiles
  A big kobold (D:8)
  A gnoll sergeant (D:6)
  14 bullfrogs
  A wyvern skeleton (D:12)
  A water moccasin zombie (D:7)
  6 scorpions
  2 water moccasin skeletons
  12 killer bees
  13 wights
  6 lava snakes (Volcano)
  4 electric eels
  6 howler monkeys
  A bullfrog zombie (D:11)
  5 crimson imps
  28 orc wizards
  34 orc priests
  6 hounds
  3 jellies
  2 bullfrog skeletons
  5 centaur skeletons
  4 iguanas
  Ijyb (D:3)
  Natasha (thrice) (D:4)
  8 worker ants
  A killer bee zombie (D:4)
  2 big kobold zombies (Ossuary)
  A hound skeleton (D:5)
  3 mummies (Ossuary)
  30 adders
  4 gnolls (D:4)
  3 shadow imps
  An ooze (D:1)
  An adder zombie (D:6)
  A worm (D:3)
  4 leopard geckos
  98 orcs
  15 bats
  2 giant cockroaches (D:1)
  A gnoll zombie (Ossuary)
  7 goblins
  4 hobgoblins
  7 jackals
  7 quokkas
  A ball python (D:3)
  2 frilled lizards
  10 kobolds
  4 kobold zombies (Ossuary)
  A leopard gecko skeleton (D:8)
  An orc zombie (Ossuary)
  A quokka skeleton (D:4)
  4 rats
  2 rat zombies (D:6)
  3 fungi
938 creatures vanquished.

Vanquished Creatures (collateral kills)
  A centaur warrior (D:15)
  2 alligators
  3 skeletal warriors (D:14)
  A spriggan druid (Swamp:2)
  An unseen horror (D:15)
  6 swamp dragons
  5 ugly things (D:14)
  A cyclops (D:14)
  A centaur skeleton (D:15)
  A hornet (shapeshifter) (D:15)
  A bog body (Swamp:4)
  4 flying skulls (D:14)
  A spriggan (Swamp:1)
  Grum (D:11)
  3 vampire mosquitoes
  A swamp drake (Swamp:4)
  A phantom (D:14)
  2 centaurs (D:15)
  A bullfrog (Lair:1)
  A worker ant (D:14)
  A shadow imp (D:14)
  An orc (D:14)
  A rat (D:3)
41 creatures vanquished.

Vanquished Creatures (others)
  An orc high priest (Orc:2)
  3 hogs (Swamp:4)
  An orc warrior (D:15)
  A slave (D:8)
  An orc priest (D:3)
  A bush (Lair:6)
  10 fungi
  11 plants (Lair:6)
29 creatures vanquished.

Grand Total: 1008 creatures vanquished

Notes
Turn   | Place    | Note
-------+----------+-------------------------------------------
     0 | D:1      | BledDest the Deep Dwarf Artificer began the quest for the
                  | Orb.
     0 | D:1      | Reached XP level 1. HP: 16/16 MP: 3/3
   189 | D:1      | Reached XP level 2. HP: 24/24 MP: 5/5
   308 | D:1      | Reached skill level 5 in Evocations
  1052 | D:2      | Reached XP level 3. HP: 23/30 MP: 7/7
  1481 | D:3      | Noticed Ijyb
  1485 | D:3      | You fall into a shaft and drop 3 floors!
  1526 | D:6      | Reached skill level 6 in Evocations
  1526 | D:6      | Reached XP level 4. HP: 16/37 MP: 8/8
  1595 | D:6      | Found a sand-covered staircase.
  1602 | Ossuary  | Entered an ossuary
  1648 | Ossuary  | Reached skill level 7 in Evocations
  1721 | Ossuary  | Reached XP level 5. HP: 18/43 MP: 10/10
  1918 | D:5      | Entered Level 5 of the Dungeon
  1953 | D:4      | Reached skill level 8 in Evocations
  2072 | D:4      | Found a staircase to the Ecumenical Temple.
  2073 | D:4      | Reached XP level 6. HP: 43/50 MP: 12/12
  2082 | Temple   | Entered the Ecumenical Temple
  2165 | Temple   | Became a worshipper of Makhleb the Destroyer
  2251 | D:4      | Reached skill level 9 in Evocations
  2826 | D:3      | Killed Ijyb
  2826 | D:3      | Reached * piety under Makhleb
  3148 | D:4      | Found an ancient bone altar of Kikubaaqudgha.
  3173 | D:4      | Reached skill level 10 in Evocations
  3173 | D:4      | Reached skill level 1 in Fighting
  3421 | D:4      | Reached skill level 1 in Armour
  3421 | D:4      | Reached XP level 7. HP: 12/57 MP: 14/14
  3468 | D:4      | Noticed Natasha
  3474 | D:4      | Killed Natasha
  3527 | D:4      | Noticed Natasha
  3537 | D:4      | Killed Natasha
  3912 | D:4      | Noticed Natasha
  3930 | D:4      | Killed Natasha
  4050 | D:5      | Noticed a hungry ghost
  4050 | D:5      | Noticed Menkaure
  4054 | D:5      | Killed Menkaure
  4071 | D:5      | Killed a hungry ghost
  4129 | D:5      | Got a glimmering hunting sling
  4130 | D:5      | Identified the cursed +2 hunting sling "Leviticus" {flame,
                  | Str+4 Int-3 Dex+5} (You found it on level 5 of the Dungeon)
  4251 | D:4      | Reached XP level 8. HP: 48/69 MP: 15/15
  4708 | D:5      | Reached skill level 5 in Slings
  5322 | D:5      | Reached ** piety under Makhleb
  5792 | D:6      | Found Reuhaveg's Food Shop.
  5954 | D:6      | Reached skill level 1 in Shields
  6099 | D:6      | Gained mutation: You passively map the area around you.
                  | [Deep Dwarf growth]
  6099 | D:6      | Reached XP level 9. HP: 75/75 MP: 16/16
  6441 | D:7      | Reached *** piety under Makhleb
  7043 | D:7      | Found a hide-covered altar of Uskayaw.
  7296 | D:8      | Noticed Pikel
  7316 | D:8      | Killed Pikel
  7316 | D:8      | Reached skill level 10 in Slings
  7431 | D:8      | Reached XP level 10. HP: 80/84 MP: 17/17
  7623 | D:8      | Found Ocig's Changing Room.
  7969 | D:9      | Reached **** piety under Makhleb
  8109 | D:9      | Found a staircase to the Lair.
  8163 | D:9      | Noticed Erolcha
  8348 | D:9      | Found a shattered altar of Ashenzari.
  8528 | D:9      | Killed Erolcha
  8528 | D:9      | Reached skill level 5 in Dodging
  8690 | D:9      | Reached skill level 5 in Armour
  8919 | D:10     | Entered Level 10 of the Dungeon
  9135 | D:10     | Reached ***** piety under Makhleb
  9298 | D:10     | Reached skill level 5 in Fighting
  9327 | D:10     | Reached XP level 11. HP: 94/94 MP: 18/18
  9808 | D:11     | Found Bolesk's Magic Scroll Boutique.
  9819 | D:11     | Bought a scroll of teleportation for 30 gold pieces
  9819 | D:11     | Bought a scroll of enchant weapon for 75 gold pieces
  9819 | D:11     | Bought a scroll of enchant armour for 75 gold pieces
  9821 | D:11     | Noticed Gastronok
  9844 | D:11     | Killed Gastronok
  9976 | D:11     | Noticed Grum
  9991 | D:11     | Killed Grum
 10517 | D:11     | Found a staircase to the Orcish Mines.
 10575 | D:11     | Noticed Harold
 10606 | D:11     | Killed Harold
 10637 | D:11     | Noticed a deep elf mage
 10690 | D:11     | Killed a deep elf mage
 10690 | D:11     | Reached skill level 10 in Shields
 10972 | D:12     | Noticed Fannar
 10983 | D:12     | Killed Fannar
 11162 | D:12     | Found a white marble altar of Elyvilon.
 11181 | D:12     | Found a flagged portal.
 11190 | Bailey   | Entered a bailey
 11190 | Bailey   | Noticed an orc knight
 11272 | Bailey   | Killed an orc knight
 11272 | Bailey   | Reached XP level 12. HP: 59/106 MP: 20/20
 11322 | Bailey   | Reached skill level 11 in Evocations
 11783 | D:12     | Reached ****** piety under Makhleb
 11908 | D:12     | Noticed Sonja
 11914 | D:12     | Killed Sonja
 11986 | D:12     | Noticed a four-headed hydra
 12015 | D:12     | Killed a four-headed hydra
 12015 | D:12     | Reached skill level 12 in Evocations
 12062 | D:12     | Noticed an eight-headed hydra
 12081 | D:12     | Killed an eight-headed hydra
 12439 | Lair:1   | Entered Level 1 of the Lair of Beasts
 12444 | Lair:1   | Identified a scroll of acquirement
 12444 | Lair:1   | Acquired the ring of Music {rF+ EV+4 Int+3}
 12798 | Lair:1   | Found a dark tunnel.
 12808 | Volcano  | Entered a volcano
 13080 | Volcano  | Found a radiant altar of Vehumet.
 13080 | Volcano  | Noticed a centaur warrior
 13085 | Volcano  | Killed a centaur warrior
 13897 | Lair:1   | Reached skill level 10 in Dodging
 14235 | Lair:2   | Noticed Maggie
 14278 | Lair:2   | Killed Maggie
 14335 | Lair:2   | Noticed a four-headed hydra
 14347 | Lair:2   | Killed a four-headed hydra
 14347 | Lair:2   | Reached skill level 10 in Armour
 14362 | Lair:2   | Found a frozen archway.
 14381 | Lair:2   | Reached XP level 13. HP: 113/118 MP: 22/22
 14436 | IceCv    | Entered an ice cave
 14888 | Lair:2   | Reached skill level 10 in Fighting
 15194 | Lair:3   | Found a staircase to the Swamp.
 15264 | Lair:3   | Reached skill level 1 in Invocations
 15379 | Lair:3   | Reached skill level 5 in Invocations
 15942 | Lair:4   | Found a hole to the Spider Nest.
 17679 | Lair:5   | Reached skill level 10 in Invocations
 17699 | Lair:5   | Gained mutation: You resist negative energy. (rN+) [Deep
                  | Dwarf growth]
 17699 | Lair:5   | Reached XP level 14. HP: 119/132 MP: 23/23
 18411 | Lair:6   | Entered Level 6 of the Lair of Beasts
 19549 | Lair:6   | Found a viscous altar of Jiyva.
 19549 | Lair:6   | Found a staircase to the Slime Pits.
 20097 | Lair:6   | Identified the ring of Winter {+Fly MR+ Dex+5} (You found
                  | it on level 6 of the Lair of Beasts)
 20658 | Orc:1    | Entered Level 1 of the Orcish Mines
 20897 | Orc:1    | Reached skill level 1 in Long Blades
 21251 | Orc:2    | Entered Level 2 of the Orcish Mines
 21597 | Orc:2    | Found a staircase to the Elven Halls.
 21605 | Orc:2    | Found Vawunemiu's Armour Boutique.
 21671 | Orc:2    | Noticed Josephine
 21683 | Orc:2    | Killed Josephine
 21892 | Orc:2    | Reached XP level 15. HP: 138/138 MP: 25/25
 22169 | Orc:2    | Reached skill level 5 in Long Blades
 22204 | Orc:2    | Found Xeixtias's Distillery.
 22220 | Orc:2    | Found Fopyel's Distillery.
 22691 | Orc:2    | Found Fenwieh's Gadget Boutique.
 22691 | Orc:2    | Found Wyato's Antique Armour Shop.
 22695 | Orc:2    | Found a one-way gate leading to the halls of Pandemonium.
 23071 | D:11     | Bought a scroll of acquirement for 520 gold pieces
 23071 | D:11     | Bought a scroll of acquirement for 520 gold pieces
 23071 | D:11     | Acquired a +0 pair of boots of running
 23083 | D:11     | Acquired a manual of Evocations
 24190 | D:13     | Found a gate to the Vaults.
 24869 | D:14     | Reached skill level 13 in Evocations
 25077 | D:14     | Found Cuharo's Antique Weapon Shoppe.
 25162 | D:14     | Found the +3 giant club "Skullcrusher" {speed, Str+7}
 25268 | D:14     | Reached skill level 14 in Evocations
 25535 | D:14     | Noticed Roxanne
 25733 | D:14     | Found a transporter.
 25734 | D:14     | Noticed an iron dragon
 25741 | D:14     | Noticed Piguik's ghost (journeyman DgWz)
 25753 | D:14     | Found a transporter.
 25984 | D:15     | Entered Level 15 of the Dungeon
 26000 | D:15     | Found an opulent altar of Gozag.
 26069 | D:15     | Reached skill level 15 in Evocations
 26087 | D:15     | Found a flickering gateway to a bazaar.
 26101 | Bazaar   | Entered a bazaar
 26101 | Bazaar   | Found Jatunasm's Jewellery Shoppe.
 26104 | Bazaar   | Found Byluf's Antique Armour Shop.
 26115 | Bazaar   | Found Nyxiv's Magic Scroll Boutique.
 26123 | Bazaar   | Bought a scroll of acquirement for 624 gold pieces
 26145 | Bazaar   | Found Ninnino's Gadget Shoppe.
 26148 | Bazaar   | Found Zamevaar's Distillery.
 26161 | Bazaar   | Acquired 1130 gold pieces
 26192 | Bazaar   | Bought a glowing helmet for 225 gold pieces
 26192 | Bazaar   | Bought a shimmering scale mail for 270 gold pieces
 26202 | Bazaar   | Identified the +6 scale mail "Peowi" {rN++ Dex-5} (You
                  | bought it in a shop in a bazaar)
 26423 | D:15     | Identified Fupsunue's Catalogue of Changing and Poisoning
 26688 | D:15     | Reached XP level 16. HP: 48/146 MP: 27/27
 26745 | D:15     | Reached skill level 16 in Evocations
 27218 | D:15     | Found a staircase to the Depths.
 27395 | Swamp:1  | Entered Level 1 of the Swamp
 27577 | Swamp:1  | Reached skill level 17 in Evocations
 28355 | Swamp:1  | HP: 6/219 [tyrant leech[a spriggan druid] (5)]
 28475 | Swamp:2  | Reached skill level 18 in Evocations
 28878 | Swamp:2  | Found a runed translucent door.
 28881 | Swamp:2  | Noticed Ithrutae's ghost (adept FoFi)
 29465 | Swamp:3  | Reached skill level 19 in Evocations
 29889 | Swamp:3  | HP: 2/146 [slime creature (8)]
 30347 | Swamp:4  | Entered Level 4 of the Swamp
 30392 | Swamp:4  | Noticed a thorn hunter
 30410 | Swamp:4  | Killed a thorn hunter
 30494 | Swamp:4  | Noticed Kirke
 30513 | Swamp:4  | Killed Kirke
 30617 | Swamp:4  | Reached skill level 15 in Slings
 30677 | Swamp:4  | Noticed Donald
 30904 | Swamp:4  | Reached skill level 20 in Evocations
 30922 | Swamp:4  | Noticed the 27-headed Lernaean hydra
 30939 | Swamp:4  | HP: 6/146 [the 26-headed Lernaean hydra (4)]
 30939 | Swamp:4  | Slain by the 26-headed Lernaean hydra

Illustrated notes

Levels and vault maps discovered:
D:1:      dpeg_arrival_signposts, layout_basic, hangedman_decor_peaks_small,
          minmay_misc_feat_pillars
D:2:      layout_rooms, first_ration, minmay_fountain_box
D:3:      kennysheep_big_flooded_room, layout_basic, uniq_ijyb
D:4:      layout_gridville, minmay_temple_entry_proselytizer, lemuel_tele_altar,
          uniq_natasha
D:5:      old_forge, layout_layer_cave, uniq_menkaure
D:6:      layout_basic, enter_ossuary_4, nrook_loot_triangle, dk_noncrumbling_4,
          kennysheep_windowed_goal
D:7:      layout_loops_ring, nicolae_overflow_crystal_walls
D:8:      layout_basic, nicolae_transmutations_shop, uniq_pikel
D:9:      layout_basic, lemuel_coloured_pillars_altar,
          erik_lair_orcish_takeover, uniq_erolcha
D:10:     layout_loops_ring, grunt_ogre_cave, chequers_avenue
D:11:     layout_roguey, erik_orc_2, serial_shops, shop_coins,
          kennysheep_small_square, uniq_harold, uniq_grum, uniq_gastronok
D:12:     layout_irregular_city, enter_bailey_2, elyvilon_altar_5, uniq_fannar,
          uniq_sonja
D:13:     layout_long_grid, grunt_vaults_entry_fortified
D:14:     layout_irregular_city, serial_shops, nicolae_shop_overgrown_old_shop,
          gammafunk_ghost_berserking_beasts, minmay_misc_feat_cross,
          hangedman_decor_points, minmay_guarded_unrand_skullcrusher,
          uniq_roxanne
D:15:     grunt_enter_depths_snipers, layout_irregular_city, serial_shops,
          bzr_entry_safe, nicolae_gozag_cash_rules_everything_around_me
Temple:   regret_index_temple_chain_breaker
Lair:1:   lemuel_reptile_caves, layout_hall_layers,
          nicolae_volcano_entry_two_sided, infiniplex_staircase_pool
Lair:2:   layout_hall_layers, portal_ice_cave_entry_ice_beasts,
          chequers_serial_rivers_micro_e, minivault_27, beast_lair_carwin_2,
          uniq_maggie
Lair:3:   layout_hall_layers, swamp_mist_pool, grunt_megastairs_1,
          lemuel_fruit_fields
Lair:4:   layout_long_grid, spider_nest_entry_web_field, minivault_19,
          minivault_11, beast_lair_carwin_3, serial_bayou_shore_a,
          grunt_megastairs_2
Lair:5:   layout_layer_cave
Lair:6:   grunt_lair_end_beastmaster, layout_concentric_octagons,
          dpeg_slime_entry_enclosed_altar, grunt_megastairs_4
Swamp:1:  layout_basic_swamp, evilmike_swamp_ruin_house_3,
          infiniplex_staircase_pool_2
Swamp:2:  layout_falls_marsh, gammafunk_ghost_grave,
          nicolae_swamp_very_dense_foliage
Swamp:3:  layout_falls_marsh, hangedman_swamp_ruin_wall
Swamp:4:  swamp_old_school, layout_basic_swamp, swamp_pool5, uniq_kirke,
          uniq_donald, uniq_mara
Orc:1:    layout_caves
Orc:2:    pf_orc_diabolical, layout_diamond_mine, serial_shops,
          nicolae_shop_window_shopping, uniq_josephine

Skill      XL: |  1  2  3  4  5  6  7  8  9 10 11 12 13 14 15 16 |
---------------+-------------------------------------------------+-----
Evocations     | 5 6 7 8 10 12 15 20 | 20.0
Fighting       | 1 3 5 6 8 10 | 10.0
Armour         | 1 3 5 7 10 | 10.0
Dodging        | 4 6 8 10 | 10.0
Slings         | 2 7 10 11 13 15 | 15.3
Shields        | 1 6 8 10 | 10.2
Invocations    | 10 14 | 14.3
Long Blades    | 4 9 |  9.9
Short Blades   | |  0.8
Stealth        | |  1.2

Action                   |  1- 3 |  4- 6 |  7- 9 | 10-12 | 13-15 | 16-18 || total
-------------------------+-------+-------+-------+-------+-------+-------++-------
Melee: Short sword       |   114 |    32 |    78 |       |       |       ||   224
       Flail             |       |   176 |       |       |       |       ||   176
       Hunting sling     |       |       |       |    80 |       |       ||    80
       Long sword        |       |       |       |       |   185 |   757 ||   942
 Fire: Hunting sling     |       |       |   357 |  1299 |  2510 |    49 ||  4215
Throw: Stone             |       |    13 |       |       |       |       ||    13
       Dart              |       |       |       |    14 |    22 |     1 ||    37
Invok: Minor Destruction |       |       |       |       |   102 |     7 ||   109
       Major Destruction |       |       |       |       |    49 |     1 ||    50
       Greater Servant o |       |       |       |       |     4 |     5 ||     9
       Lesser Servant of |       |       |       |       |     1 |     1 ||     2
 Abil: Heal Wounds       |       |       |       |     2 |       |     6 ||     8
Evoke: Wand              |     2 |    33 |     7 |    49 |    42 |     5 ||   138
       Phial of floods   |       |       |       |     1 |     2 |       ||     3
       Lightning rod     |       |       |       |       |     4 |       ||     4
  Use: Scroll            |     2 |     2 |    14 |     7 |    10 |     5 ||    40
       Potion            |       |     2 |     6 |     1 |     5 |     3 ||    17
 Stab: Paralysed         |       |     3 |       |       |       |       ||     3
       Distracted        |       |       |       |       |     1 |     3 ||     4
       Sleeping          |       |       |       |       |       |     3 ||     3
       Confused          |       |       |       |       |       |     1 ||     1
  Eat: Chunk             |     2 |     2 |    10 |    17 |    32 |     5 ||    68
       Ration            |       |     1 |     2 |     1 |     1 |     3 ||     8
Armor: Scale mail        |    40 |    97 |    89 |    48 |       |       ||   274
       Leather armour    |     1 |       |       |       |       |       ||     1
       Acid dragon scale |       |       |       |    51 |   205 |    52 ||   308
       Swamp dragon scal |       |       |       |       |       |    85 ||    85
       Skin              |       |       |       |       |       |    30 ||    30
Dodge: Dodged            |    73 |   152 |   130 |   346 |   947 |   572 ||  2220
Block: Kite shield       |       |       |    36 |   339 |   909 |   486 ||  1770
       Rpst.: Long sword |       |       |       |       |    25 |   114 ||   139
